 Dungeon Crawl Stone Soup version 0.25-a0-425-g0e000e855e (webtiles) character file.

Game seed: 6206365443722348618, levelgen mode: deterministic

77 Kohma the Changer (level 4, -2/35 HPs)
             Began as a Draconian Transmuter on Jan 24, 2020.
             Slain by a gnoll
             ... wielding a +0 flail
              (13 damage)
             ... on level 2 of the Dungeon.
             The game lasted 00:04:21 (2030 turns).

Kohma the Changer (Draconian Transmuter)            Turns: 2030, Time: 00:04:22

Health: -2/35      AC:  2    Str: 12    XL:     4   Next: 13%
Magic:  5/7        EV: 19    Int: 14    God:
Gold:   67         SH:  0    Dex: 17    Spells: 1/7 levels left

rFire    . . .     SeeInvis .     - Unarmed
rCold    . . .     Gourm    .   (shield currently unavailable)
rNeg     . . .     Faith    .   (armour unavailable)
rPois    x         Spirit   .   (helmet currently unavailable)
rElec    .         Reflect  .   (cloak currently unavailable)
rCorr    .         Harm     .   (gloves currently unavailable)
MR       .....                  (boots currently unavailable)
Stlth    ++........             (no amulet)
HPRegen  0.11/turn              (no ring)
MPRegen  0.10/turn              (no ring)

@: spider-form (expiring)
A: tiny, unfitting armour, AC +5
a: End Transformation


You were on level 2 of the Dungeon.
You were not hungry.
You were a venomous arachnid creature.
You visited 1 branch of the dungeon, and saw 2 of its levels.

You collected 67 gold pieces.

Inventory:

Missiles
 a - 12 arrows
 e - 14 poisoned darts (quivered)
Scrolls
 b - a scroll of noise {unknown}
 d - 3 scrolls of enchant armour {unknown}
 f - 4 scrolls of identify {unknown}
 g - a scroll of teleportation {unknown}
 h - a scroll of enchant weapon {unknown}
 i - a scroll of amnesia {unknown}
 j - 2 scrolls of fear {unknown}
 k - a scroll of fog {unknown}
Potions
 l - a potion of curing {unknown}
Comestibles
 c - a ration


   Skills:
 - Level 1.1 Fighting
 - Level 1.7 Dodging
 + Level 3.7 Unarmed Combat
 - Level 2.0 Spellcasting
 * Level 3.7 Transmutations
 + Level 0.3 Poison Magic


You had one spell level left.
You knew the following spells:

 Your Spells              Type           Power        Failure   Level  Hunger
a - Beastly Appendage     Tmut           ##....       14%         1    ##.....
b - Sticks to Snakes      Tmut           ##......     21%         2    ###....
c - Spider Form           Tmut/Pois      #.........   52%         3    ####...

Your spell library contained the following spells:

 Spells                   Type           Power        Failure   Level  Hunger
 Ice Form                 Ice/Tmut       #.......     88%         4    #####..
 Blade Hands              Tmut           ##........   92%         5    ######.


Dungeon Overview and Level Annotations

Branches:
Dungeon (2/15)

Altars:


Innate Abilities, Weirdness & Mutations

((Your plain brown scales are hard. (AC +5)))
You cannot fit into any form of body armour.
((You are cold-blooded and may be slowed by cold attacks.))


Message History

You turn into a venomous arachnid creature.
The gnoll shouts! x3
Your transformation is almost over.
You hit the gnoll.
The gnoll is poisoned.
The gnoll is heavily wounded.
An adder zombie comes into view.
The gnoll barely misses you.
You barely miss the gnoll.
The gnoll is heavily wounded.
The gnoll hits you from afar with a +0 spear!
You barely miss the gnoll. The gnoll misses you.
You hit the gnoll but do no damage.
The gnoll is poisoned.
The gnoll misses you. The gnoll completely misses you.
You hit the gnoll but do no damage.
The gnoll looks even sicker.
The gnoll is lightly wounded.
The gnoll hits you with a +0 flail. The gnoll hits you but does no damage.
You hit the gnoll.
The gnoll looks as sick as possible!
The gnoll is severely wounded.
The gnoll completely misses you. The gnoll hits you with a +0 flail!
You die...

##### #.... #.... #.... #....
##########################....
...................>.....'....
#......รท.##.....##########....
#........##.#s#...# #....
#........#..#g###...# #####
+........+.##gg ##...
#........## .Z.. ## #......<.#
..... #........# .......
#........# ........
........#.....#.... #.#######


You could see 3 gnolls and an adder zombie.

Vanquished Creatures
  An adder (D:2)
  A gnoll (D:2)
  3 worms (D:2)
  2 dart slugs
  A leopard gecko (D:1)
  A giant cockroach (D:1)
  7 goblins
  4 hobgoblins (D:1)
  8 jackals (D:2)
  2 quokkas (D:2)
  2 bats
  2 frilled lizards
  5 kobolds
  3 rats
42 creatures vanquished.

Notes
Turn   | Place    | Note
-------+----------+-------------------------------------------
     0 | D:1      | Kohma the Draconian Transmuter began the quest for the Orb.
     0 | D:1      | Reached XP level 1. HP: 16/16 MP: 3/3
   129 | D:1      | Reached XP level 2. HP: 19/23 MP: 3/5
   828 | D:2      | Reached XP level 3. HP: 24/28 MP: 6/6
  1207 | D:1      | Learned a level 2 spell: Sticks to Snakes
  1211 | D:1      | Learned a level 3 spell: Spider Form
  1962 | D:2      | Reached XP level 4. HP: 25/35 MP: 3/7
  2030 | D:2      | Slain by a gnoll

Levels and vault maps discovered:
D:1:      minmay_arrival_solitary_statue, layout_rooms
D:2:      minmay_skewed_foursquare, layout_basic, uniq_robin

Skill      XL: |  1  2 |
---------------+-------+-----
Transmutations | 3 |  3.7
Fighting       | |  1.1
Dodging        | |  1.7
Unarmed Combat | |  3.7
Spellcasting   | |  2.0
Poison Magic   | |  0.3

Action                   |  1- 3 |  4- 6 || total
-------------------------+-------+-------++-------
Melee: Unarmed           |   125 |    23 ||   148
       Kick              |    18 |       ||    18
       Tailslap          |    13 |       ||    13
       Headbutt          |     3 |       ||     3
 Cast: Beastly Appendage |    18 |       ||    18
       Spider Form       |     2 |     1 ||     3
  Eat: Chunk             |     4 |     1 ||     5
Armor: Skin              |    19 |     2 ||    21
Dodge: Dodged            |    85 |    24 ||   109

Table legend:
 A = Non-vault XP
 B = Vault XP
 C = Vault XP percentage of total XP
 D = Non-vault monster count
 E = Vault monster count
 F = Vault count percentage of total count
                 A         B        C        D         E       F
            +---------+---------+-------+---------+---------+-------
      Total |     110 |       0 |   0.0 |      42 |       0 |   0.0
            +---------+---------+-------+---------+---------+-------
        D:1 |      34 |       0 |   0.0 |      19 |       0 |   0.0
        D:2 |      76 |       0 |   0.0 |      23 |       0 |   0.0
            +---------+---------+-------+---------+---------+-------
